 Dungeon Crawl Stone Soup version 0.28-a0-823-gb444dcf96d (webtiles) character file.

Game seed: 12564280296743856316

172 siradein the Poker (level 5, -4/41 HPs)
             Began as a Merfolk Gladiator on Nov 9, 2021.
             Slain by an ogre (13 damage)
             ... on level 4 of the Dungeon.
             The game lasted 00:09:57 (3094 turns).

siradein the Poker (Merfolk Gladiator)              Turns: 3094, Time: 00:09:57

Health: -4/41      AC:  5    Str: 14    XL:     5   Next: 53%
Magic:  0/5        EV: 13    Int:  7    God:
Gold:   74         SH:  4    Dex: 17    Spells: 4/4 levels left

rFire   . . .      SeeInvis .   a - +0 trident
rCold   . . .      Faith    .   o - +0 buckler
rNeg    + . .      Spirit   +   b - +0 leather armour
rPois   .          Reflect  .   c - +0 helmet
rElec   .          Harm     .   (no cloak)
rCorr   .          Rampage  .   r - +0 pair of gloves
Will    .....                   (no boots)
Stlth   +.........              v - amulet of guardian spirit
HPRegen 0.13/turn               k - ring of positive energy
MPRegen 0.09/turn               (no ring)

@: no status effects
A: (nimble swimmer 2), mertail
a: no special abilities


You were on level 4 of the Dungeon.
You visited 1 branch of the dungeon, and saw 4 of its levels.

You collected 74 gold pieces.

Inventory:

Hand Weapons
 a - a +0 trident (weapon)
Missiles
 d - 3 throwing nets
 g - 4 boomerangs
 n - 26 poisoned darts (quivered)
Armour
 b - a +0 leather armour (worn)
 c - a +0 helmet (worn)
 o - a +0 buckler (worn)
 r - a +0 pair of gloves (worn)
Jewellery
 k - a ring of positive energy (left hand)
 v - an amulet of guardian spirit (around neck)
Scrolls
 e - 2 scrolls of identify {unknown}
 h - a scroll of amnesia {unknown}
 l - 2 scrolls of silence {unknown}
 m - a scroll of teleportation {unknown}
 p - a scroll of brand weapon {unknown}
 s - a scroll of enchant armour {unknown}
 u - a scroll of enchant weapon {unknown}
Potions
 f - a potion of brilliance {unknown}
 i - 2 potions of heal wounds {unknown}
 j - 2 potions of might {unknown}
 q - a potion of lignification {unknown}
 t - a potion of ambrosia {unknown}


   Skills:
 + Level 3.4 Fighting
 + Level 5.7 Polearms
 + Level 3.2 Throwing
 + Level 5.1 Dodging
 + Level 1.1 Shields


You had 4 spell levels left.
You didn't know any spells.
Your spell library contained the following spells:

 Spells                   Type           Power      Damage    Failure   Level
 Slow                     Hex            0%         N/A       63%         1
 Confusing Touch          Hex            0%         N/A       94%         3
 Vampiric Draining        Necr           0%         2d6       94%         3


Dungeon Overview and Level Annotations

Branches:
Dungeon (4/15)
 Temple: D:4-7

Altars:

Shops:
D:1 [*

Annotations:
D:2 1 runed translucent door, Crazy Yiuf
D:4 1 runed translucent door, petzl's ghost, amateur OpAM


Innate Abilities, Weirdness & Mutations

((You are quick and stealthy near water. (Stealth+, EV+, Speed+++)))
Your lower body shifts to a powerful aquatic tail in water.


Message History

You barely miss the orc.
You hear the brisk hiss of an avalanche of sand nearby.
The orc barely misses you.
You hit the orc.
The orc is almost dead.
The orc hits you with a +0 flail.
You closely miss the orc.
The orc is severely wounded.
The orc barely misses you.
You hit the orc.
You kill the orc!
No target in view!
The ogre shouts!
Things that are here:
a +0 flail; an orc corpse; a hound corpse The ogre closely misses you.
Throw: 27 darts (poison)
Press: ? - help, Q - select action, (/) - cycle Shift-Dir - straight line, f - ogre
Aim: an ogre, wielding a +0 giant spiked club (76% to hit)
You throw a poisoned dart. The poisoned dart hits the ogre.
The ogre is poisoned.
Unknown command.
You puncture the ogre!
The ogre is moderately wounded.
You block the ogre's attack.
You hit the ogre.
The ogre is heavily wounded.
The ogre closely misses you.
You hit the ogre.
The ogre is severely wounded.
The ogre hits you with a +0 giant spiked club!!
Ouch! That really hurt!
* * * LOW HITPOINT WARNING * * *
The ogre looks more healthy.
You hear the brisk hiss of an avalanche of sand nearby.
Things that are here:
a +0 flail; an orc corpse; a hound corpse You see here a poisoned dart.
The ogre hits you with a +0 giant spiked club!
You die...

..##...##....#
#..#...##..#.#
#.#......##..# #
#.#..........#
O..#.##..##..#
............#######
.#.##..###...)...#
#.#.....#########.###
#.)...>...(.O@......#
######..########.##.....
#>......# #.# ###...
#.#####.# #.# ##
#.......# #.# ######..#
#.# #..# #.## ###
#..###... ..#
#.....##### #.#


You could see an ogre.

Vanquished Creatures
  A jelly (D:4)
  2 hounds
  2 adders
  A worm (D:4)
  An orc (D:4)
  5 endoplasms
  3 giant cockroaches
  6 goblins
  2 hobgoblins (D:1)
  5 quokkas
  6 ball pythons
  7 bats
  5 frilled lizards
  8 kobolds
  A quokka skeleton (D:4)
  8 rats
63 creatures vanquished.

Notes
Turn   | Place    | Note
-------+----------+-------------------------------------------
     0 | D:1      | siradein the Merfolk Gladiator began the quest for the Orb.
     0 | D:1      | Reached XP level 1. HP: 16/16 MP: 1/1
   217 | D:1      | Reached XP level 2. HP: 23/23 MP: 2/2
   376 | D:1      | Found Mongao's General Store.
   517 | D:1      | Found Ynuacket's Assorted Antiques.
   731 | D:1      | Found Sider's Antique Armour Shoppe.
   735 | D:1      | Reached XP level 3. HP: 28/28 MP: 3/3
  1592 | D:2      | Reached skill level 5 in Polearms
  1620 | D:2      | Reached XP level 4. HP: 27/34 MP: 4/4
  1971 | D:2      | Found a runed translucent door.
  1972 | D:2      | Noticed Crazy Yiuf
  2765 | D:4      | Found a runed translucent door.
  2771 | D:4      | Noticed petzl's ghost (amateur OpAM)
  2897 | D:4      | Reached skill level 5 in Dodging
  2897 | D:4      | Reached XP level 5. HP: 13/41 MP: 5/5
  2957 | D:4      | Noticed an ogre
  3027 | D:4      | Reached skill level 1 in Shields
  3094 | D:4      | Slain by an ogre

Illustrated notes

Levels and vault maps discovered:
D:1:      scummos_arrival_simple_fountains, layout_basic, serial_shops,
          nicolae_shop_trees, nicolae_lakefront_shop, shop, minmay_pentomino_t2
D:2:      layout_loops_cross, uniq_crazy_yiuf_cottage
D:3:      layout_rooms
D:4:      layout_loops_ring, gup_ossuary_entry_pyramid, ebering_ghost_sewer_d,
          serial_shops, nicolae_shop_temple_entry_statues_fountains,
          uniq_duvessa

Skill      XL: |  1  2  3  4  5 |
---------------+----------------+-----
Polearms       | 5 |  5.7
Fighting       | 3 |  3.4
Throwing       | 3 |  3.2
Dodging        | 5 |  5.1
Shields        | 1 |  1.1

Action                   |  1- 3 |  4- 6 || total
-------------------------+-------+-------++-------
Melee: Trident           |   100 |   103 ||   203
Throw: Dart              |       |     1 ||     1
 Stab: Sleeping          |     5 |     1 ||     6
Armor: Leather armour    |    17 |    17 ||    34
Dodge: Dodged            |    51 |    57 ||   108
Block: Buckler           |       |    17 ||    17

Table legend: (Time is in decaauts)
 A = Elapsed time spent in this place.
 B = Non-inter-level travel time spent in this place.
 C = Inter-level travel time spent in this place.
 D = Time resting spent in this place.
 E = Time spent auto-exploring this place.
 F = Levels seen in this place.
 G = Mean time per level.
                   A        B        C        D        E       F      G
               +--------+--------+--------+--------+--------+-----+--------+
         Total |   3105 |   3002 |    103 |     11 |   2195 |   4 |  776.2 |
       Dungeon |   3105 |   3002 |    103 |     11 |   2195 |   4 |  776.2 |
               +--------+--------+--------+--------+--------+-----+--------+

Top non-repeatable levels by time:
     D:1: 1177 daAuts
     D:2: 959 daAuts
     D:3: 549 daAuts
     D:4: 418 daAuts
